Workbook

Sheet Смета 12 гр. по ФЕР
H3: "УТВЕРЖДАЮ"
B6: =CONCATENATE("______________________ ", IF(Source!AL12<>"", Source!AL12, "")) -> ______________________ | H6: =CONCATENATE("______________________ ", IF(Source!AH12<>"", Source!AH12, "")) -> ______________________
H7: "_____"________________ 2018 г.
B11: Расчёт стоимости
B12: =IF(Source!G20<>"Новая локальная смета", Source!G20, "")
B14: на выполнение работ по техническому обслуживанию и эксплуатации автоматической пожарной сигнализации и речевого оповещения, а также проверка (давления, исправности) сети внутреннего противопожарного водопровода по нормам расхода воды на нужды пожаротушения НИЯУ МИФИ учебно-медицинского корпуса (профилактория) по адресу: г. Москва, ул. Москворечье, д.6; ясли/сада по адресу: г. Москва, ул. Москворечье, д.15; общежитий по адресам: г. Москва, ул. Кошкина, д.11, к.1; г. Москва, ул. Москворечье, д.2, к.1,2; г. Москва, ул. Москворечье, д.19, к.3,4; г. Москва, Пролетарский проспект, д.8, к.2; г. Москва, ул. Шкулева, д. 27, стр. 2; Лицея №1511 по адресу: г. Москва, Пролетарский проспект д.6,к.3; Лицея №1523 по адресу: г. Москва, Кленовый бульвар, д. 21; здание учебного корпуса НИЯУ МИФИ по адресу:г. Москва, Холодильный пер.,д.7,стр.1,2,3; здание учебного корпуса НИЯУ МИФИ по адресу: г. Москва, Каширское ш., д. 64.
G17: базовая цена | I17: текущая цена
C18: Сметная стоимость | G18: =SUM(O29:O41)/1000 -> 84.093 | I18: =(Source!F57/1000) -> 1755.12 | K18: тыс. руб.
C19: Строительные работы | G19: =SUM(W29:W41)/1000 -> 0 | I19: =(Source!F44)/1000 -> 0 | K19: тыс. руб.
C20: Монтажные работы | G20: =SUM(X29:X41)/1000 -> 0 | I20: =(Source!F45)/1000 -> 0 | K20: тыс. руб.
C21: Оборудование | G21: =SUM(Y29:Y41)/1000 -> 0 | I21: =(Source!F36)/1000 -> 0 | K21: тыс. руб.
C22: Прочие работы | G22: =SUM(Z29:Z41)/1000 -> 84.093 | I22: =(Source!F46+Source!F47)/1000 -> 1487.39 | K22: тыс. руб.
C23: Нормативная трудоемкость | G23: =I23 -> 2892.9605 | I23: =(Source!F49+Source!F50) -> 2892.9605 | K23: чел. -ч.
C24: Средства на оплату труда | G24: =SUM(R29:R41)/1000 -> 41.021 | I24: =(Source!F42+ Source!F41)/1000 -> 795.396 | K24: тыс. руб.
A26: Составлена в ценах III квартал 2018 года
A27: № п/п | B27: Шифр расценки и коды ресурсов | C27: Наименование работ и затрат | D27: Ед. изм. | E27: Кол-во единиц | F27: Цена на ед. изм. | G27: Попра-вочные коэфф. | H27: Стоимость в ценах 2001г. | I27: Пункт коэфф. пересчета | J27: Коэфф. пересчета | K27: Стоимость в текущих ценах | L27: ЗТР всего чел.-час
A28: 1 | B28: 2 | C28: 3 | D28: 4 | E28: 5 | F28: 6 | G28: 7 | H28: 8 | I28: 9 | J28: 10 | K28: 11 | L28: 12
A29: =Source!E24 -> 1 | B29: =Source!F24 -> п02-01-001-09 | C29: =Source!G24 -> Автоматизированная система управления I категории технической сложности с количеством каналов (Кобщ) 80 | D29: =Source!H24 -> система | E29: =Source!I24 -> 4 | F29: =Source!AL24+Source!AM24+Source!AO24 -> 6976.58 | I29: =Source!BO24 | S29: =ROUND((Source!FX24/100)*((ROUND(Source!AF24*Source!I24, 0)+ROUND(Source!AE24*Source!I24, 0))), 0) -> 18139 | T29: =Source!X24 -> 297607 | U29: =ROUND((Source!FY24/100)*((ROUND(Source!AF24*Source!I24, 0)+ROUND(Source!AE24*Source!I24, 0))), 0) -> 11162 | V29: =Source!Y24 -> 173153
C30: Зарплата | F30: =Source!AO24 -> 6976.58 | G30: =Source!DG24 | H30: =ROUND(Source!AF24*Source!I24, 0) -> 27906 | J30: =IF(Source!BA24<> 0, Source!BA24, 1) -> 19.39 | K30: =Source!S24 -> 541104 | R30: =H30 -> 27906
C31: НР от ФОТ | D31: % | E31: =Source!BZ24 -> 65 | H31: =SUM(S29:S33) -> 18139 | I31: =CONCATENATE(Source!FX24, Source!FV24, "=") -> 65*0,85= | J31: =Source!AT24 -> 55 | K31: =SUM(T29:T33) -> 297607
C32: СП от ФОТ | D32: % | E32: =Source!CA24 -> 40 | H32: =SUM(U29:U33) -> 11162 | I32: =CONCATENATE(Source!FY24, Source!FW24, "=") -> 40*0,8= | J32: =Source!AU24 -> 32 | K32: =SUM(V29:V33) -> 173153
C33: Затраты труда | D33: чел-ч | E33: =Source!AQ24 -> 492 | G33: =Source!DI24 | L33: =Source!U24 -> 1968
G34: =H30+H31+H32 -> 57207 | J34: =K30+K31+K32 -> 1011864 | L34: =Source!U24 -> 1968 | O34: =G34 -> 57207 | P34: =J34 -> 1011864 | Q34: =L34 -> 1968 | W34: =IF(Source!BI24<=1,H30+H31+H32, 0) -> 0 | X34: =IF(Source!BI24=2,H30+H31+H32, 0) -> 0 | Y34: =IF(Source!BI24=3,H30+H31+H32, 0) -> 0 | Z34: =IF(Source!BI24=4,H30+H31+H32, 0) -> 57207
A35: =Source!E25 -> 2 | B35: =Source!F25 -> п02-01-001-10 | C35: =Source!G25 -> Автоматизированная система управления I категории технической сложности с количеством каналов (Кобщ) за каждый канал свыше 80 до 159 добавлять к расценке 02-01-001-09 | D35: =Source!H25 -> канал | E35: =Source!I25 -> 157.3062 | F35: =Source!AL25+Source!AM25+Source!AO25 -> 83.37 | I35: =Source!BO25 | S35: =ROUND((Source!FX25/100)*((ROUND(Source!AF25*Source!I25, 0)+ROUND(Source!AE25*Source!I25, 0))), 0) -> 8525 | T35: =Source!X25 -> 139861 | U35: =ROUND((Source!FY25/100)*((ROUND(Source!AF25*Source!I25, 0)+ROUND(Source!AE25*Source!I25, 0))), 0) -> 5246 | V35: =Source!Y25 -> 81373
C36: Зарплата | F36: =Source!AO25 -> 83.37 | G36: =Source!DG25 | H36: =ROUND(Source!AF25*Source!I25, 0) -> 13115 | J36: =IF(Source!BA25<> 0, Source!BA25, 1) -> 19.39 | K36: =Source!S25 -> 254292 | R36: =H36 -> 13115
C37: НР от ФОТ | D37: % | E37: =Source!BZ25 -> 65 | H37: =SUM(S35:S39) -> 8525 | I37: =CONCATENATE(Source!FX25, Source!FV25, "=") -> 65*0,85= | J37: =Source!AT25 -> 55 | K37: =SUM(T35:T39) -> 139861
C38: СП от ФОТ | D38: % | E38: =Source!CA25 -> 40 | H38: =SUM(U35:U39) -> 5246 | I38: =CONCATENATE(Source!FY25, Source!FW25, "=") -> 40*0,8= | J38: =Source!AU25 -> 32 | K38: =SUM(V35:V39) -> 81373
C39: Затраты труда | D39: чел-ч | E39: =Source!AQ25 -> 5.88 | G39: =Source!DI25 | L39: =Source!U25 -> 924.96046
G40: =H36+H37+H38 -> 26886 | J40: =K36+K37+K38 -> 475526 | L40: =Source!U25 -> 924.96046 | O40: =G40 -> 26886 | P40: =J40 -> 475526 | Q40: =L40 -> 924.96046 | W40: =IF(Source!BI25<=1,H36+H37+H38, 0) -> 0 | X40: =IF(Source!BI25=2,H36+H37+H38, 0) -> 0 | Y40: =IF(Source!BI25=3,H36+H37+H38, 0) -> 0 | Z40: =IF(Source!BI25=4,H36+H37+H38, 0) -> 26886
A41: =CONCATENATE("Итого по расчёту стоимости : ",IF(Source!G27<>"Новая локальная смета", Source!G27, "")) -> Итого по расчёту стоимости : | G41: =SUM(O29:O40) -> 84093 | J41: =SUM(P29:P40) -> 1487390 | L41: =SUM(Q29:Q40) -> 2892.9605
C42: =Source!H55 -> Итого | J42: =IF(Source!F55=0, "", Source!F55) -> 1487389.8
C43: =Source!H56 -> НДС 18% | J43: =IF(Source!F56=0, "", Source!F56) -> 267730.17
C44: =Source!H57 -> Всего | J44: =IF(Source!F57=0, "", Source!F57) -> 1755120
C47: Составил | D47: =IF(Source!AC12<>"", Source!AC12," ") | I47: =IF(Source!AB12<>"", Source!AB12," ")
D48: [должность,подпись(инициалы,фамилия)]
C50: Проверил | D50: =IF(Source!AE12<>"", Source!AE12," ") | I50: =IF(Source!AD12<>"", Source!AD12," ")
D51: [должность,подпись(инициалы,фамилия)]

Sheet Source
A1: 0 | B1: Smeta.RU (495) 974-1589 | D1: _PS_ | F1: 0 | G1: 0 | H1: 0 | I1: Smeta.RU | K1: 0 | L1: 13277 | M1: 10 | N1: 10 | O1: 1 | P1: 0 | Q1: 10
A12: 1 | B12: 117 | C12: 0 | D12: =ROW(A59) -> 59 | E12: 0 | F12: Новый объект | G12: Пусконаладка Пегов | I12: 0 | K12: 0 | O12: 0 | P12: 0 | Q12: 0 | R12: 0 | V12: 0 | BH12: Сметные нормы списания | BI12: Коды ценников | BJ12: 1 | BK12: 1 | BL12: 0 | BM12: 0 | BN12: 1 | BO12: 0 | BP12: 6 | BQ12: 0 | BR12: 1 | BS12: 1 | BT12: 0 | BU12: 0 | BV12: 0 | BW12: 0 | BX12: 0 | BY12: ФЕР-2017 | BZ12: ТР для Версии 10: Центральные регионы (с учетом п-ма 2536-ИП/12/ГС от 22.03.2017 г | CA12: ФЕР-2017 | CB12: ФЕР-2017 | CC12: ФЕР-2017 | CD12: ФЕР-2017 | CE12: Поправки для ГСН 2017 от 31.03.2017 г | CF12: 0 | CG12: 0 | CH12: 8 | CK12: 4 | EC12: 0
A15: 15 | B15: 1
A18: 52 | B18: =B59 -> 117 | C18: =C59 -> 1 | D18: =D59 -> 12 | E18: =E59 -> 0 | F18: =F59 -> Новый объект | G18: =G59 -> Пусконаладка Пегов | O18: =O59 -> 795396 | P18: =P59 -> 0 | Q18: =Q59 -> 0 | R18: =R59 -> 0 | S18: =S59 -> 795396 | T18: =T59 -> 0 | U18: =U59 -> 2892.9605 | V18: =V59 -> 0 | ... GX18: =GX59 -> 0
A20: 3 | B20: 1 | D20: =ROW(A27) -> 27 | F20: Новая локальная смета | G20: Новая локальная смета | I20: 0 | K20: 0 | V20: 0 | BX20: 0 | CF20: 0 | CG20: 0
A22: 52 | B22: =B27 -> 1 | C22: =C27 -> 3 | D22: =D27 -> 20 | E22: =E27 -> 0 | F22: =F27 -> Новая локальная смета | G22: =G27 -> Новая локальная смета | O22: =O27 -> 795396 | P22: =P27 -> 0 | Q22: =Q27 -> 0 | R22: =R27 -> 0 | S22: =S27 -> 795396 | T22: =T27 -> 0 | U22: =U27 -> 2892.9605 | V22: =V27 -> 0 | ... GX22: =GX27 -> 0
A24: 17 | B24: 1 | C24: =ROW(SmtRes!A5) -> 5 | D24: =ROW(EtalonRes!A5) -> 5 | E24: 1 | F24: п02-01-001-09 | G24: Автоматизированная система управления I категории технической сложности с количеством каналов (Кобщ) 80 | H24: система | I24: 4 | J24: 0 | O24: =ROUND(CP24,0) -> 541104 | P24: =ROUND(CQ24*I24,0) -> 0 | Q24: =ROUND(CR24*I24,0) -> 0 | R24: =ROUND(CS24*I24,0) -> 0 | S24: =ROUND(CT24*I24,0) -> 541104 | T24: =ROUND(CU24*I24,0) -> 0 | U24: =CV24*I24 -> 1968 | V24: =CW24*I24 -> 0 | W24: =ROUND(CX24*I24,0) -> 0 | X24: =ROUND(CY24,0) -> 297607 | Y24: =ROUND(CZ24,0) -> 173153 | AA24: 39625284 | AB24: =ROUND((AC24+AD24+AF24),6) -> 6976.58 | AC24: =ROUND((ES24),6) -> 0 | AD24: =ROUND((((ET24)-(EU24))+AE24),6) -> 0 | AE24: =ROUND((EU24),6) -> 0 | AF24: =ROUND((EV24),6) -> 6976.58 | AG24: =ROUND((AP24),6) -> 0 | AH24: =(EW24) -> 492 | AI24: =(EX24) -> 0 | AJ24: =(AS24) -> 0 | AK24: 6976.58 | AL24: 0 | AM24: 0 | AN24: 0 | AO24: 6976.58 | AP24: 0 | AQ24: 492 | AR24: 0 | AS24: 0 | AT24: 55 | AU24: 32 | AV24: 1 | AW24: 1 | AZ24: 1 | BA24: 19.39 | BB24: 1 | BC24: 1 | BH24: 0 | BI24: 4 | BJ24: ФЕРп-2001, п02-01-001-09, приказ Минстроя России №1039/пр от 30.12.2016г. | BM24: 200001 | BN24: 0 | BP24: 0 | BQ24: 4 | BR24: 0 | BS24: 1 | BT24: 1 | BU24: 1 | BV24: 1 | BW24: 1 | BX24: 1 | BZ24: 65 | CA24: 40 | CE24: 0 | CF24: 0 | CG24: 0 | CM24: 0 | CO24: 0 | CP24: =(P24+Q24+S24) -> 541104 | CQ24: =AC24*BC24 -> 0 | CR24: =AD24*BB24 -> 0 | CS24: =AE24*BS24 -> 0 | CT24: =AF24*BA24 -> 135275.89 | CU24: =AG24 -> 0 | CV24: =AH24 -> 492 | CW24: =AI24 -> 0 | CX24: =AJ24 -> 0 | CY24: =(((S24+R24)*AT24)/100) -> 297607.2 | CZ24: =(((S24+R24)*AU24)/100) -> 173153.28 | DN24: 0 | DO24: 0 | DP24: 1 | DQ24: 1 | DU24: 1013 | DV24: система | DW24: система | DX24: 1 | EE24: 39174428 | EF24: 4 | EG24: Пусконаладочные работы | EH24: 0 | EJ24: 4 | EK24: 200001 | EL24: Пусконаладочные работы : все сборники, отдел 05 ( диагностика лифтов ) и отдел 06 ( техническое освидетельствование ) сборника мрФЕР-01 | EM24: пФЕРп | EQ24: 0 | ER24: 6976.58 | ES24: 0 | ET24: 0 | EU24: 0 | EV24: 6976.58 | EW24: 492 | EX24: 0 | EY24: 0 | FQ24: 0 | FR24: =ROUND(IF(AND(BH24=3,BI24=3),P24,0),0) -> 0 | FS24: 0 | FV24: *0,85 | FW24: *0,8 | FX24: 65 | FY24: 40 | GD24: 1 | GF24: -1903840380 | GG24: 2 | GH24: 1 | GI24: 4 | GJ24: 0 | GK24: 0 | GL24: =ROUND(IF(AND(BH24=3,BI24=3,FS24<>0),P24,0),0) -> 0 | GM24: =ROUND(O24+X24+Y24,0)+GX24 -> 1011864 | GN24: =IF(OR(BI24=0,BI24=1),ROUND(O24+X24+Y24,0),0) -> 0 | GO24: =IF(BI24=2,ROUND(O24+X24+Y24,0),0) -> 0 | GP24: =IF(BI24=4,ROUND(O24+X24+Y24,0)+GX24,0) -> 1011864 | GR24: 0 | GS24: 3 | GT24: 0 | GV24: =ROUND((GT24),6) -> 0 | GW24: 1 | GX24: =ROUND(HC24*I24,0) -> 0 | HA24: 0 | HB24: 0 | HC24: =GV24*GW24 -> 0 | IK24: 0
A25: 17 | B25: 1 | C25: =ROW(SmtRes!A10) -> 10 | D25: =ROW(EtalonRes!A10) -> 10 | E25: 2 | F25: п02-01-001-10 | G25: Автоматизированная система управления I категории технической сложности с количеством каналов (Кобщ) за каждый канал свыше 80 до 159 добавлять к расценке 02-01-001-09 | H25: канал | I25: 157.3062 | J25: 0 | O25: =ROUND(CP25,0) -> 254292 | P25: =ROUND(CQ25*I25,0) -> 0 | Q25: =ROUND(CR25*I25,0) -> 0 | R25: =ROUND(CS25*I25,0) -> 0 | S25: =ROUND(CT25*I25,0) -> 254292 | T25: =ROUND(CU25*I25,0) -> 0 | U25: =CV25*I25 -> 924.96046 | V25: =CW25*I25 -> 0 | W25: =ROUND(CX25*I25,0) -> 0 | X25: =ROUND(CY25,0) -> 139861 | Y25: =ROUND(CZ25,0) -> 81373 | AA25: 39625284 | AB25: =ROUND((AC25+AD25+AF25),6) -> 83.37 | AC25: =ROUND((ES25),6) -> 0 | AD25: =ROUND((((ET25)-(EU25))+AE25),6) -> 0 | AE25: =ROUND((EU25),6) -> 0 | AF25: =ROUND((EV25),6) -> 83.37 | AG25: =ROUND((AP25),6) -> 0 | AH25: =(EW25) -> 5.88 | AI25: =(EX25) -> 0 | AJ25: =(AS25) -> 0 | AK25: 83.37 | AL25: 0 | AM25: 0 | AN25: 0 | AO25: 83.37 | AP25: 0 | AQ25: 5.88 | AR25: 0 | AS25: 0 | AT25: 55 | AU25: 32 | AV25: 1 | AW25: 1 | AZ25: 1 | BA25: 19.39 | BB25: 1 | BC25: 1 | BH25: 0 | BI25: 4 | BJ25: ФЕРп-2001, п02-01-001-10, приказ Минстроя России №1039/пр от 30.12.2016г. | BM25: 200001 | BN25: 0 | BP25: 0 | BQ25: 4 | BR25: 0 | BS25: 1 | BT25: 1 | BU25: 1 | BV25: 1 | BW25: 1 | BX25: 1 | BZ25: 65 | CA25: 40 | CE25: 0 | CF25: 0 | CG25: 0 | CM25: 0 | CO25: 0 | CP25: =(P25+Q25+S25) -> 254292 | CQ25: =AC25*BC25 -> 0 | CR25: =AD25*BB25 -> 0 | CS25: =AE25*BS25 -> 0 | CT25: =AF25*BA25 -> 1616.5443 | CU25: =AG25 -> 0 | CV25: =AH25 -> 5.88 | CW25: =AI25 -> 0 | CX25: =AJ25 -> 0 | CY25: =(((S25+R25)*AT25)/100) -> 139860.6 | CZ25: =(((S25+R25)*AU25)/100) -> 81373.44 | DN25: 0 | DO25: 0 | DP25: 1 | DQ25: 1 | DU25: 1013 | DV25: канал | DW25: канал | DX25: 1 | EE25: 39174428 | EF25: 4 | EG25: Пусконаладочные работы | EH25: 0 | EJ25: 4 | EK25: 200001 | EL25: Пусконаладочные работы : все сборники, отдел 05 ( диагностика лифтов ) и отдел 06 ( техническое освидетельствование ) сборника мрФЕР-01 | EM25: пФЕРп | EQ25: 0 | ER25: 83.37 | ES25: 0 | ET25: 0 | EU25: 0 | EV25: 83.37 | EW25: 5.88 | EX25: 0 | EY25: 0 | FQ25: 0 | FR25: =ROUND(IF(AND(BH25=3,BI25=3),P25,0),0) -> 0 | FS25: 0 | FV25: *0,85 | FW25: *0,8 | FX25: 65 | FY25: 40 | GD25: 1 | GF25: -1705558950 | GG25: 2 | GH25: 1 | GI25: 4 | GJ25: 0 | GK25: 0 | GL25: =ROUND(IF(AND(BH25=3,BI25=3,FS25<>0),P25,0),0) -> 0 | GM25: =ROUND(O25+X25+Y25,0)+GX25 -> 475526 | GN25: =IF(OR(BI25=0,BI25=1),ROUND(O25+X25+Y25,0),0) -> 0 | GO25: =IF(BI25=2,ROUND(O25+X25+Y25,0),0) -> 0 | GP25: =IF(BI25=4,ROUND(O25+X25+Y25,0)+GX25,0) -> 475526 | GR25: 0 | GS25: 3 | GT25: 0 | GV25: =ROUND((GT25),6) -> 0 | GW25: 1 | GX25: =ROUND(HC25*I25,0) -> 0 | HA25: 0 | HB25: 0 | HC25: =GV25*GW25 -> 0 | IK25: 0
A27: 51 | B27: =B20 -> 1 | C27: =A20 -> 3 | D27: =ROW(A20) -> 20 | F27: =IF(F20<>"",F20,"") -> Новая локальная смета | G27: =IF(G20<>"",G20,"") -> Новая локальная смета | H27: 0 | O27: =ROUND(AB27,0) -> 795396 | P27: =ROUND(AC27,0) -> 0 | Q27: =ROUND(AD27,0) -> 0 | R27: =ROUND(AE27,0) -> 0 | S27: =ROUND(AF27,0) -> 795396 | T27: =ROUND(AG27,0) -> 0 | U27: =AH27 -> 2892.9605 | V27: =AI27 -> 0 | W27: =ROUND(AJ27,0) -> 0 | X27: =ROUND(AK27,0) -> 437468 | Y27: =ROUND(AL27,0) -> 254526 | AB27: =ROUND(SUMIF(AA24:AA25,"=39625284",O24:O25),0) -> 795396 | AC27: =ROUND(SUMIF(AA24:AA25,"=39625284",P24:P25),0) -> 0 | AD27: =ROUND(SUMIF(AA24:AA25,"=39625284",Q24:Q25),0) -> 0 | AE27: =ROUND(SUMIF(AA24:AA25,"=39625284",R24:R25),0) -> 0 | AF27: =ROUND(SUMIF(AA24:AA25,"=39625284",S24:S25),0) -> 795396 | AG27: =ROUND(SUMIF(AA24:AA25,"=39625284",T24:T25),0) -> 0 | AH27: =SUMIF(AA24:AA25,"=39625284",U24:U25) -> 2892.9605 | AI27: =SUMIF(AA24:AA25,"=39625284",V24:V25) -> 0 | AJ27: =ROUND(SUMIF(AA24:AA25,"=39625284",W24:W25),0) -> 0 | AK27: =ROUND(SUMIF(AA24:AA25,"=39625284",X24:X25),0) -> 437468 | AL27: =ROUND(SUMIF(AA24:AA25,"=39625284",Y24:Y25),0) -> 254526 | AO27: =ROUND(BX27,0) -> 0 | AP27: =ROUND(BY27,0) -> 0 | AQ27: =ROUND(BZ27,0) -> 0 | AR27: =ROUND(CA27,0) -> 1487390 | AS27: =ROUND(CB27,0) -> 0 | AT27: =ROUND(CC27,0) -> 0 | AU27: =ROUND(CD27,0) -> 1487390 | AV27: =ROUND(CE27,0) -> 0 | ... BC27: =ROUND(CL27,0) -> 0 | BX27: =ROUND(SUMIF(AA24:AA25,"=39625284",FQ24:FQ25),0) -> 0 | BY27: =ROUND(SUMIF(AA24:AA25,"=39625284",FR24:FR25),0) -> 0 | BZ27: =ROUND(SUMIF(AA24:AA25,"=39625284",GL24:GL25),0) -> 0 | CA27: =ROUND(SUMIF(AA24:AA25,"=39625284",GM24:GM25),0) -> 1487390 | CB27: =ROUND(SUMIF(AA24:AA25,"=39625284",GN24:GN25),0) -> 0 | CC27: =ROUND(SUMIF(AA24:AA25,"=39625284",GO24:GO25),0) -> 0 | CD27: =ROUND(SUMIF(AA24:AA25,"=39625284",GP24:GP25),0) -> 1487390 | CE27: =AC27-BX27 -> 0 | CF27: =AC27-BY27 -> 0 | CG27: =BX27-BZ27 -> 0 | CH27: =AC27-BX27-BY27+BZ27 -> 0 | CI27: =BY27-BZ27 -> 0 | CJ27: =ROUND(SUMIF(AA24:AA25,"=39625284",GX24:GX25),0) -> 0 | CK27: =ROUND(SUMIF(AA24:AA25,"=39625284",GY24:GY25),0) -> 0 | CL27: =ROUND(SUMIF(AA24:AA25,"=39625284",GZ24:GZ25),0) -> 0 | GX27: 0
A29: 50 | B29: 0 | C29: 0 | D29: 1 | E29: 201 | F29: =ROUND(Source!O27,O29) -> 795396 | G29: ПЗ | H29: Прямые затраты | K29: 201 | L29: 1 | M29: 3 | O29: 0
A30: 50 | B30: 0 | C30: 0 | D30: 1 | E30: 202 | F30: =ROUND(Source!P27,O30) -> 0 | G30: СтМатОб | H30: Стоимость материальных ресурсов (всего) | K30: 202 | L30: 2 | M30: 3 | O30: 0
A31: 50 | B31: 0 | C31: 0 | D31: 1 | E31: 222 | F31: =ROUND(Source!AO27,O31) -> 0 | G31: СтМатОбЗак | H31: Стоимость материалов и оборудования заказчика | K31: 222 | L31: 3 | M31: 3 | O31: 0
A32: 50 | B32: 0 | C32: 0 | D32: 1 | E32: 225 | F32: =ROUND(Source!AV27,O32) -> 0 | G32: СтМатОбПод | H32: Стоимость материалов и оборудования подрядчика | K32: 225 | L32: 4 | M32: 3 | O32: 0
A33: 50 | B33: 0 | C33: 0 | D33: 1 | E33: 226 | F33: =ROUND(Source!AW27,O33) -> 0 | G33: СтМат | H33: Стоимость материалов (всего) | K33: 226 | L33: 5 | M33: 3 | O33: 0
A34: 50 | B34: 0 | C34: 0 | D34: 1 | E34: 227 | F34: =ROUND(Source!AX27,O34) -> 0 | G34: СтМатЗак | H34: Стоимость материалов заказчика | K34: 227 | L34: 6 | M34: 3 | O34: 0
A35: 50 | B35: 0 | C35: 0 | D35: 1 | E35: 228 | F35: =ROUND(Source!AY27,O35) -> 0 | G35: СтМатПод | H35: Стоимость материалов подрядчика | K35: 228 | L35: 7 | M35: 3 | O35: 0
A36: 50 | B36: 0 | C36: 0 | D36: 1 | E36: 216 | F36: =ROUND(Source!AP27,O36) -> 0 | G36: Оборуд | H36: Стоимость оборудования (всего) | K36: 216 | L36: 8 | M36: 3 | O36: 0
A37: 50 | B37: 0 | C37: 0 | D37: 1 | E37: 223 | F37: =ROUND(Source!AQ27,O37) -> 0 | G37: ОборудЗак | H37: Стоимость оборудования заказчика | K37: 223 | L37: 9 | M37: 3 | O37: 0
A38: 50 | B38: 0 | C38: 0 | D38: 1 | E38: 229 | F38: =ROUND(Source!AZ27,O38) -> 0 | G38: ОборудПод | H38: Стоимость оборудования подрядчика | K38: 229 | L38: 10 | M38: 3 | O38: 0
A39: 50 | B39: 0 | C39: 0 | D39: 1 | E39: 203 | F39: =ROUND(Source!Q27,O39) -> 0 | G39: ЭММ | H39: Эксплуатация машин | K39: 203 | L39: 11 | M39: 3 | O39: 0
A40: 50 | B40: 0 | C40: 0 | D40: 1 | E40: 231 | F40: =ROUND(Source!BB27,O40) -> 0 | G40: ЭММсНРиСП | H40: Эксплуатация машин по ТСН-2001.16 | K40: 231 | L40: 12 | M40: 3 | O40: 0
A41: 50 | B41: 0 | C41: 0 | D41: 1 | E41: 204 | F41: =ROUND(Source!R27,O41) -> 0 | G41: ЗПМ | H41: ЗП машинистов | K41: 204 | L41: 13 | M41: 3 | O41: 0
A42: 50 | B42: 0 | C42: 0 | D42: 1 | E42: 205 | F42: =ROUND(Source!S27,O42) -> 795396 | G42: ОЗП | H42: Основная ЗП рабочих | K42: 205 | L42: 14 | M42: 3 | O42: 0
A43: 50 | B43: 0 | C43: 0 | D43: 1 | E43: 232 | F43: =ROUND(Source!BC27,O43) -> 0 | G43: ОЗПсНРиСП | H43: Основная ЗП рабочих по ТСН-2001.16 | K43: 232 | L43: 15 | M43: 3 | O43: 0
A44: 50 | B44: 0 | C44: 0 | D44: 1 | E44: 214 | F44: =ROUND(Source!AS27,O44) -> 0 | G44: Строит | H44: Строительные работы с НР и СП | K44: 214 | L44: 16 | M44: 3 | O44: 0
A45: 50 | B45: 0 | C45: 0 | D45: 1 | E45: 215 | F45: =ROUND(Source!AT27,O45) -> 0 | G45: Монтаж | H45: Монтажные работы с НР и СП | K45: 215 | L45: 17 | M45: 3 | O45: 0
A46: 50 | B46: 0 | C46: 0 | D46: 1 | E46: 217 | F46: =ROUND(Source!AU27,O46) -> 1487390 | G46: Прочие | H46: Прочие работы с НР и СП | K46: 217 | L46: 18 | M46: 3 | O46: 0
A47: 50 | B47: 0 | C47: 0 | D47: 1 | E47: 230 | F47: =ROUND(Source!BA27,O47) -> 0 | G47: ПрочиеЗатр | H47: Прочие затраты по ТСН-2001.16 | K47: 230 | L47: 19 | M47: 3 | O47: 0
A48: 50 | B48: 0 | C48: 0 | D48: 1 | E48: 206 | F48: =ROUND(Source!T27,O48) -> 0 | G48: ВозврМат | H48: Возврат материалов | K48: 206 | L48: 20 | M48: 3 | O48: 0
A49: 50 | B49: 0 | C49: 0 | D49: 1 | E49: 207 | F49: =Source!U27 -> 2892.9605 | G49: ТрудСтр | H49: Трудозатраты строителей | K49: 207 | L49: 21 | M49: 3 | O49: -1
A50: 50 | B50: 0 | C50: 0 | D50: 1 | E50: 208 | F50: =Source!V27 -> 0 | G50: ТрудМаш | H50: Трудозатраты машинистов | K50: 208 | L50: 22 | M50: 3 | O50: -1
A51: 50 | B51: 0 | C51: 0 | D51: 1 | E51: 209 | F51: =ROUND(Source!W27,O51) -> 0 | G51: ТранспМат | H51: Транспорт материалов | K51: 209 | L51: 23 | M51: 3 | O51: 0
A52: 50 | B52: 0 | C52: 0 | D52: 1 | E52: 210 | F52: =ROUND(Source!X27,O52) -> 437468 | G52: НР | H52: Накладные расходы | K52: 210 | L52: 24 | M52: 3 | O52: 0
A53: 50 | B53: 0 | C53: 0 | D53: 1 | E53: 211 | F53: =ROUND(Source!Y27,O53) -> 254526 | G53: СмПриб | H53: Сметная прибыль | K53: 211 | L53: 25 | M53: 3 | O53: 0
A54: 50 | B54: 0 | C54: 0 | D54: 1 | E54: 224 | F54: =ROUND(Source!AR27,O54) -> 1487390 | G54: Всего | H54: Всего с НР и СП | K54: 224 | L54: 26 | M54: 3 | O54: 0
A55: 50 | B55: 1 | C55: 0 | D55: 2 | E55: 0 | F55: =ROUND(F54-0.17,O55) -> 1487389.8 | G55: и1 | H55: Итого | K55: 212 | L55: 27 | M55: 0 | O55: 2
A56: 50 | B56: 1 | C56: 0 | D56: 2 | E56: 0 | F56: =ROUND(F55*0.18,O56) -> 267730.17 | G56: и2 | H56: НДС 18% | K56: 212 | L56: 28 | M56: 0 | O56: 2
A57: 50 | B57: 1 | C57: 0 | D57: 2 | E57: 213 | F57: =ROUND(F55+F56,O57) -> 1755120 | G57: и3 | H57: Всего | K57: 212 | L57: 29 | M57: 0 | O57: 2
A59: 51 | B59: =B12 -> 117 | C59: =A12 -> 1 | D59: =ROW(A12) -> 12 | F59: =IF(F12<>"",F12,"") -> Новый объект | G59: =IF(G12<>"",G12,"") -> Пусконаладка Пегов | H59: 0 | O59: =ROUND(O27,0) -> 795396 | P59: =ROUND(P27,0) -> 0 | Q59: =ROUND(Q27,0) -> 0 | R59: =ROUND(R27,0) -> 0 | S59: =ROUND(S27,0) -> 795396 | T59: =ROUND(T27,0) -> 0 | U59: =U27 -> 2892.9605 | V59: =V27 -> 0 | W59: =ROUND(W27,0) -> 0 | X59: =ROUND(X27,0) -> 437468 | Y59: =ROUND(Y27,0) -> 254526 | AO59: =ROUND(AO27,0) -> 0 | AP59: =ROUND(AP27,0) -> 0 | AQ59: =ROUND(AQ27,0) -> 0 | AR59: =ROUND(AR27,0) -> 1487390 | AS59: =ROUND(AS27,0) -> 0 | AT59: =ROUND(AT27,0) -> 0 | AU59: =ROUND(AU27,0) -> 1487390 | AV59: =ROUND(AV27,0) -> 0 | ... BC59: =ROUND(BC27,0) -> 0 | GX59: 0
A61: 50 | B61: 0 | C61: 0 | D61: 1 | E61: 201 | F61: =ROUND(Source!O59,O61) -> 795396 | G61: ПЗ | H61: Прямые затраты | K61: 201 | L61: 1 | M61: 3 | O61: 0
A62: 50 | B62: 0 | C62: 0 | D62: 1 | E62: 202 | F62: =ROUND(Source!P59,O62) -> 0 | G62: СтМатОб | H62: Стоимость материальных ресурсов (всего) | K62: 202 | L62: 2 | M62: 3 | O62: 0
A63: 50 | B63: 0 | C63: 0 | D63: 1 | E63: 222 | F63: =ROUND(Source!AO59,O63) -> 0 | G63: СтМатОбЗак | H63: Стоимость материалов и оборудования заказчика | K63: 222 | L63: 3 | M63: 3 | O63: 0
A64: 50 | B64: 0 | C64: 0 | D64: 1 | E64: 225 | F64: =ROUND(Source!AV59,O64) -> 0 | G64: СтМатОбПод | H64: Стоимость материалов и оборудования подрядчика | K64: 225 | L64: 4 | M64: 3 | O64: 0
A65: 50 | B65: 0 | C65: 0 | D65: 1 | E65: 226 | F65: =ROUND(Source!AW59,O65) -> 0 | G65: СтМат | H65: Стоимость материалов (всего) | K65: 226 | L65: 5 | M65: 3 | O65: 0
A66: 50 | B66: 0 | C66: 0 | D66: 1 | E66: 227 | F66: =ROUND(Source!AX59,O66) -> 0 | G66: СтМатЗак | H66: Стоимость материалов заказчика | K66: 227 | L66: 6 | M66: 3 | O66: 0
A67: 50 | B67: 0 | C67: 0 | D67: 1 | E67: 228 | F67: =ROUND(Source!AY59,O67) -> 0 | G67: СтМатПод | H67: Стоимость материалов подрядчика | K67: 228 | L67: 7 | M67: 3 | O67: 0
A68: 50 | B68: 0 | C68: 0 | D68: 1 | E68: 216 | F68: =ROUND(Source!AP59,O68) -> 0 | G68: Оборуд | H68: Стоимость оборудования (всего) | K68: 216 | L68: 8 | M68: 3 | O68: 0
A69: 50 | B69: 0 | C69: 0 | D69: 1 | E69: 223 | F69: =ROUND(Source!AQ59,O69) -> 0 | G69: ОборудЗак | H69: Стоимость оборудования заказчика | K69: 223 | L69: 9 | M69: 3 | O69: 0
A70: 50 | B70: 0 | C70: 0 | D70: 1 | E70: 229 | F70: =ROUND(Source!AZ59,O70) -> 0 | G70: ОборудПод | H70: Стоимость оборудования подрядчика | K70: 229 | L70: 10 | M70: 3 | O70: 0
A71: 50 | B71: 0 | C71: 0 | D71: 1 | E71: 203 | F71: =ROUND(Source!Q59,O71) -> 0 | G71: ЭММ | H71: Эксплуатация машин | K71: 203 | L71: 11 | M71: 3 | O71: 0
A72: 50 | B72: 0 | C72: 0 | D72: 1 | E72: 231 | F72: =ROUND(Source!BB59,O72) -> 0 | G72: ЭММсНРиСП | H72: Эксплуатация машин по ТСН-2001.16 | K72: 231 | L72: 12 | M72: 3 | O72: 0
A73: 50 | B73: 0 | C73: 0 | D73: 1 | E73: 204 | F73: =ROUND(Source!R59,O73) -> 0 | G73: ЗПМ | H73: ЗП машинистов | K73: 204 | L73: 13 | M73: 3 | O73: 0
A74: 50 | B74: 0 | C74: 0 | D74: 1 | E74: 205 | F74: =ROUND(Source!S59,O74) -> 795396 | G74: ОЗП | H74: Основная ЗП рабочих | K74: 205 | L74: 14 | M74: 3 | O74: 0
A75: 50 | B75: 0 | C75: 0 | D75: 1 | E75: 232 | F75: =ROUND(Source!BC59,O75) -> 0 | G75: ОЗПсНРиСП | H75: Основная ЗП рабочих по ТСН-2001.16 | K75: 232 | L75: 15 | M75: 3 | O75: 0
A76: 50 | B76: 0 | C76: 0 | D76: 1 | E76: 214 | F76: =ROUND(Source!AS59,O76) -> 0 | G76: Строит | H76: Строительные работы с НР и СП | K76: 214 | L76: 16 | M76: 3 | O76: 0
A77: 50 | B77: 0 | C77: 0 | D77: 1 | E77: 215 | F77: =ROUND(Source!AT59,O77) -> 0 | G77: Монтаж | H77: Монтажные работы с НР и СП | K77: 215 | L77: 17 | M77: 3 | O77: 0
A78: 50 | B78: 0 | C78: 0 | D78: 1 | E78: 217 | F78: =ROUND(Source!AU59,O78) -> 1487390 | G78: Прочие | H78: Прочие работы с НР и СП | K78: 217 | L78: 18 | M78: 3 | O78: 0
A79: 50 | B79: 0 | C79: 0 | D79: 1 | E79: 230 | F79: =ROUND(Source!BA59,O79) -> 0 | G79: ПрочиеЗатр | H79: Прочие затраты по ТСН-2001.16 | K79: 230 | L79: 19 | M79: 3 | O79: 0
A80: 50 | B80: 0 | C80: 0 | D80: 1 | E80: 206 | F80: =ROUND(Source!T59,O80) -> 0 | G80: ВозврМат | H80: Возврат материалов | K80: 206 | L80: 20 | M80: 3 | O80: 0
A81: 50 | B81: 0 | C81: 0 | D81: 1 | E81: 207 | F81: =Source!U59 -> 2892.9605 | G81: ТрудСтр | H81: Трудозатраты строителей | K81: 207 | L81: 21 | M81: 3 | O81: -1
A82: 50 | B82: 0 | C82: 0 | D82: 1 | E82: 208 | F82: =Source!V59 -> 0 | G82: ТрудМаш | H82: Трудозатраты машинистов | K82: 208 | L82: 22 | M82: 3 | O82: -1
A83: 50 | B83: 0 | C83: 0 | D83: 1 | E83: 209 | F83: =ROUND(Source!W59,O83) -> 0 | G83: ТранспМат | H83: Транспорт материалов | K83: 209 | L83: 23 | M83: 3 | O83: 0
A84: 50 | B84: 0 | C84: 0 | D84: 1 | E84: 210 | F84: =ROUND(Source!X59,O84) -> 437468 | G84: НР | H84: Накладные расходы | K84: 210 | L84: 24 | M84: 3 | O84: 0
A85: 50 | B85: 0 | C85: 0 | D85: 1 | E85: 211 | F85: =ROUND(Source!Y59,O85) -> 254526 | G85: СмПриб | H85: Сметная прибыль | K85: 211 | L85: 25 | M85: 3 | O85: 0
A86: 50 | B86: 0 | C86: 0 | D86: 1 | E86: 224 | F86: =ROUND(Source!AR59,O86) -> 1487390 | G86: Всего | H86: Всего с НР и СП | K86: 224 | L86: 26 | M86: 3 | O86: 0
A89: 70 | B89: 1 | D89: 1 | E89: СТР_РЕК | F89: СТРОИТЕЛЬСТВО и РЕКОНСТРУКЦИЯ зданий и сооружений всех назначений | G89: 1 | H89: 0 | J89: 1 | K89: 0 | N89: 0
A90: 70 | B90: 1 | D90: 2 | E90: РЕМ_ЖИЛ | F90: КАП. РЕМ. ЖИЛЫХ И ОБЩЕСТВЕННЫХ ЗДАНИЙ | G90: 0 | H90: 0 | J90: 1 | K90: 0 | N90: 0
A91: 70 | B91: 1 | D91: 3 | E91: РЕМ_ПР | F91: КАП. РЕМ. ПРОИЗВОДСТВЕННЫХ ЗД, и СООРУЖЕНИЙ, НАРУЖНЫХ ИНЖЕНЕРНЫХ СЕТЕЙ, УЛИЦ И ДОРОГ МЕСТНОГО ЗНАЧЕНИЯ, МОСТОВ И ПУТЕПРОВОДОВ | G91: 0 | H91: 0 | J91: 1 | K91: 0 | N91: 0
A92: 70 | B92: 1 | D92: 4 | E92: УПР | F92: {вкл} - УПРОЩЕННОЕ НАЛОГООБЛОЖЕНИЕ | G92: 0 | H92: 0 | I92: Для всех расценок. ( при применении упрощенной системы налогообложения) · {УПР} - ( вкл.) - при упрощенной системе ; к = 0,9 к СП ( к= 0,7 к НР отменен с 1.01.11) · {УПР} - ( выкл.) - при обычной системе налогообложения | J92: 0 | K92: 0 | N92: 0
A93: 70 | B93: 1 | D93: 5 | E93: ХОЗ | F93: {вкл} - ХОЗЯЙСТВЕННЫЙ СПОСОБ | G93: 0 | H93: 0 | I93: Для всех расценок. ( при хозяйственном способе производства работ): · {ХОЗ} - ( вкл.) - при хоз. способе (к=0,6 к НР ) · {ХОЗ} - ( выкл.) - при обычном способе производства работ | J93: 0 | K93: 0 | N93: 0
A94: 70 | B94: 1 | D94: 6 | E94: СЛЖ | F94: {вкл} - При РЕКОНСТРУКЦИИ сложных объектов, РЕКОНСТРУКЦИИ и КАП. РЕМОНТЕ объектов с дейст. яд. реакторами | G94: 0 | H94: 0 | I94: Для сборников ФЕР ( при производстве работ на технически сложных объектах ): · { СЛЖ } - (вкл.) - работа на сложных объектах (к=1,2 к НР) · { СЛЖ } - (выкл.) - работа на обычных объектах | J94: 0 | K94: 0 | N94: 0
A95: 70 | B95: 1 | D95: 7 | E95: М/Т/Я | F95: Работы по строительству мостов, тоннелей, метрополитенов, атомных станций, объектов с ядерным топливом и радиокативными отходами ( письмо Госстроя РФ № 2536-ИП/12/ГС от 27.11.12), коэффициенты к НР =0,85 и к СП-0,8 не назначаются | G95: 0 | H95: 0 | J95: 0 | K95: 0 | N95: 0
A96: 70 | B96: 1 | D96: 8 | E96: ОПТ/В | F96: {вкл} - Прокладка МЕЖДУГОРОДНИХ ВОЛОКОННО-ОПТИЧЕСКИХ ЛИНИЙ (для ФЕРм10, отд. 6 разд.3) {выкл} - Прокладка ГОРОДСКИХ ВОЛОКОННО-ОПТИТЕСКИХ ЛИНИЙ (для ФЕРм10, отд. 6 разд.3) | G96: 0 | H96: 0 | I96: Для сборников ФЕРм-10 ( волоконно-оптические линии связи ): · {М_ГОР_опт} - ( вкл.) - междугородные сети связи ( НР=120% , СП=70% ) · {М_ГОР_опт} - ( выкл.) - городские сети связи ( НР=100%; СП=65%) | J96: 0 | K96: 0 | N96: 0
A97: 70 | B97: 1 | D97: 9 | E97: ЗАКР | F97: {вкл} - Обслуживающие и сопутстующие работы в тоннелях при производве работ ЗАКРЫТЫМ СПОСОБОМ {выкл} - Обслуживающие и сопутстующие работы в тоннелях при производве работ ОТКРЫТЫМ (ФЕР-29, разд.04 ) | G97: 0 | H97: 0 | I97: Для сборника ФЕР -29 ( сопутствующие работы в тоннелях и метро. ): · {ЗАКР} - (вкл.) - при выполнении работ в тоннелях и метро закрытым способом (НР=145% , СП=75%); · {ЗАКР} - (выкл.) - при выполнении работ в тоннелях и метро отк | J97: 0 | K97: 0 | N97: 0
A98: 70 | B98: 1 | D98: 10 | E98: АВИ | F98: (вкл) - При работах по ДИСПЕТЧЕРЕЗАЦИИ управления движением АВИАТРАНСПОРТОМ {вкл} (монтажные работы ) | G98: 0 | H98: 0 | I98: Для сборников ФЕРм 08;10;11 : · {мАВИА} - (вкл.) - производство монтажных работы по диспетчеризации управления движением авиатранспортном (НР=95%, СП=55%) ; · {мАВИА} - (выкл. ) - при производстве работ на прочих объектах , кром | J98: 0 | K98: 0 | N98: 0
A99: 70 | B99: 1 | D99: 11 | E99: АЭС | F99: (вкл) - Производство эл./монт. работ на АЭС ( ФЕРм -08 , отдел 01-03 ), и контроль свар. швов на АЭС {вкл} (ФЕРм-39, отд. 02 и 03 ) (вык) - Произовдство эл./монт. работ и и контроль свар. швов на ОБЫЧНЫХ СООРУЖ, | G99: 0 | H99: 0 | I99: Для сборника ФЕРм -39 и ФЕРМ-08 ( при работах по контролю сварных соединений) : {мАЭС} - ( вкл.) - при выполнении работ по на АЭС (HР=101%; СП= 68%; {мАЭС} - (выкл.) - при выполнении работ на обычных объектах | J99: 0 | K99: 0 | N99: 0
A100: 70 | B100: 1 | D100: 12 | E100: Инд_исп.Сводный | F100: Используется Индекс "по сводному" | G100: 0 | H100: 0 | J100: 0 | K100: 0 | N100: 0
A101: 70 | B101: 1 | D101: 1 | E101: К_НР_РЕМ | F101: при ремонте жилых и общественных зданий если ( если {РЕМ_ЖИЛ}= [вкл.] | G101: 0.9 | H101: 1 | I101: Для сборников ФЕР и ФЕРмр : · Значение {_МДСрем_НР}= 0,90 - при ремонте зданий жилого и гражданского назначений ( 0,90 к НР) ; · Значение {_МДСрем_НР}= 1,00 - при строительстве и реконструкции объектов всех назначений | J101: 0 | K101: 0 | N101: 0
A102: 70 | B102: 1 | D102: 2 | E102: К_СП_РЕМ | F102: к нормам СП при капитальном ремонте зданий и сооружений всех назначений ( если или {РЕМ_ЖИЛ}=[вкл] , или (РЕМ_ПР}=[вкл] ) | G102: 0.85 | H102: 1 | I102: Для сборников ФЕР и ФЕРмр : · Значение {_МДСрем_СП} = 0.85 - при ремонте зданий всех назначений ( 0,85 к СП); · Значение {_МДСрем_СП} = 1,00 - при строительстве и реконструкции объектов всех назначений | J102: 0 | K102: 0 | N102: 0
A103: 70 | B103: 1 | D103: 3 | E103: К_НР_05 | F103: К нормам НР с 1.01.2005 по 1.01.2011 | G103: 1 | H103: 0.85 | I103: Для норм НР с 1.01.2011 года: · {_ТЕК_НР} = 0.85 - Коэффициент учитывающий изменение нормы страховых взносов с 1.01.1 - (при расчете в текущем уровне цен индексами по статьям затрат ) · {_ТЕК_НР} = 1,00 - при расчет в текущем уровне цен и при уп | J103: 0 | K103: 0 | N103: 0
A104: 70 | B104: 1 | D104: 4 | E104: К_НР_11 | F104: Коэфф. к НР для текущего уровня цен с 01.01.2011 при обычном и упрощенном налогообложении при постатейной индексации | G104: 1 | H104: 0 | J104: 0 | K104: 0 | N104: 0
A105: 70 | B105: 1 | D105: 5 | E105: К_СП_11 | F105: Коэф. к СП в текущем уровне цен с 01.01.2011 | G105: 1 | H105: 0.8 | I105: Для норм СП с 1.01.2011 года: · {_ТЕК_СП} = 0.80 - Коэффициент учитывающий изменение нормы страховых взносов с 1.01.11 - (при расчете в текущем уровне цен индексами по статьям затрат ) · {_ТЕК_СП} = 1,00 - без учета | J105: 0 | K105: 0 | N105: 0
A106: 70 | B106: 1 | D106: 6 | E106: К_НР_12 | F106: Корректировка НР с 03.12.12 если (М/Т/Я) = {выкл.} | G106: 0.85 | H106: 0 | J106: 0 | K106: 0 | N106: 0
A107: 70 | B107: 1 | D107: 7 | E107: К_СП_12 | F107: Корректировка СП с 03.12.12 в текущем уровне цен по письму 2536-ИП/12/ГС от 27.11.12 ( если (М/Т/Я) = {выкл.} ) | G107: 0.8 | H107: 0 | J107: 0 | K107: 0 | N107: 0
A108: 70 | B108: 1 | D108: 8 | E108: К_НР_УПР | F108: Коэф. к НР при упрощенном налогообложении ( если {УПР} = [вкл] ) | G108: 0.94 | H108: 0 | J108: 0 | K108: 0 | N108: 0
A109: 70 | B109: 1 | D109: 9 | E109: К_СП_УПР | F109: Коэф. к СП при упрощенном налогообложении ( если {УПР} = [вкл] ) | G109: 0.9 | H109: 0 | J109: 0 | K109: 0 | N109: 0
A110: 70 | B110: 1 | D110: 10 | E110: К_НР_ХОЗ | F110: Коэф. к НР при хозяйственном способе производства работ ( если {ХОЗ}= {вкл} ) | G110: 0.6 | H110: 0 | J110: 0 | K110: 0 | N110: 0
A111: 70 | B111: 1 | D111: 11 | E111: К_НР_СЛЖ | F111: Коэф. при реконструкции сложных объектов и кап. ремонте объектов с яд. реакторами ( если {СЛЖ} = [вкл] ) | G111: 1.2 | H111: 0 | J111: 0 | K111: 0 | N111: 0
A112: 70 | B112: 1 | D112: 12 | E112: Р_ОКР | F112: Разрядность округления результата расчета НР и СП ( с 01.01.2011 - до целых ) | G112: 0 | H112: 0 | J112: 0 | K112: 0 | N112: 0
A113: 70 | B113: 1 | D113: 13 | E113: К_НР_УПР_ПУ | F113: Коэф. к НР при упрощенном налогообложении ( если {УПР} = [вкл] ) для расценок на изготовление материалов, полуфабрикатов, а также металлических и трубопроводных заготовок, изготовляемых в построечных условиях | G113: 0.94 | H113: 0 | J113: 0 | K113: 0 | N113: 0
A115: -1
A117: 75 | B117: Уровень цен | C117: 2018 | D117: 3 | E117: 0 | F117: 0 | G117: 0 | H117: 1 | I117: 0 | J117: 1 | K117: 0 | L117: 0 | M117: 0 | N117: 39625284 | O117: 1
A118: 3 | B118: Индексы за итогом | C118: 1 | D118: 1 | E118: 1 | F118: 1 | G118: 1 | H118: 1 | I118: 1 | J118: 2 | K118: 19.39 | L118: 1 | M118: 1 | N118: 1 | O118: 1 | P118: 1 | Q118: 19.39 | R118: 1
A122: 65 | C122: 1 | D122: 0 | E122: 245

Sheet SourceObSm
A1: 0 | B1: Smeta.RU (495) 974-1589 | D1: _OBSM_ | F1: 0 | G1: 0 | H1: 0 | I1: Smeta.RU | K1: 0 | L1: 13277 | M1: 10 | N1: 10 | O1: 1 | P1: 0 | Q1: 10
A12: 1 | B12: 50 | C12: 0 | E12: 0 | F12: Новый объект | G12: Пусконаладка Пегов | I12: 0 | K12: 0 | O12: 0 | P12: 0 | Q12: 0 | R12: 0 | V12: 0 | BH12: Сметные нормы списания | BI12: Коды ценников | BJ12: 1 | BK12: 1 | BL12: 0 | BM12: 0 | BN12: 1 | BO12: 0 | BP12: 6 | BQ12: 0 | BR12: 1 | BS12: 1 | BT12: 0 | BU12: 0 | BV12: 0 | BW12: 0 | BX12: 0 | BY12: ФЕР-2017 | BZ12: ТР для Версии 10: Центральные регионы (с учетом п-ма 2536-ИП/12/ГС от 22.03.2017 г | CA12: ФЕР-2017 | CB12: ФЕР-2017 | CC12: ФЕР-2017 | CD12: ФЕР-2017 | CE12: Поправки для ГСН 2017 от 31.03.2017 г | CF12: 0 | CG12: 0 | CH12: 8 | CK12: 4 | EC12: 0
A14: 22 | B14: 0 | C14: 0 | D14: 39625284 | E14: 0 | F14: 3
A16: 3 | B16: 1 | C16: Новая локальная смета | D16: Новая локальная смета | E16: =(Source!F44)/1000 -> 0 | F16: =(Source!F45)/1000 -> 0 | G16: =(Source!F36)/1000 -> 0 | H16: =(Source!F46)/1000+(Source!F47)/1000 -> 1487.39 | I16: =E16+F16+G16+H16 -> 1487.39 | J16: =(Source!F42)/1000 -> 795.396 | AI16: 0 | AJ16: 0 | AN16: 0 | AT16: 795396 | AU16: 0 | AV16: 0 | AW16: 0 | AX16: 0 | AY16: 0 | AZ16: 0 | BA16: 795396 | BB16: 0 | BC16: 0 | BD16: 1487390 | BE16: 0 | BF16: 2892.9605 | BG16: 0 | BH16: 0 | BI16: 437468 | BJ16: 254526 | BK16: 1487390
A18: 51 | E18: =SUMIF(A16:A17,3,E16:E17) -> 0 | F18: =SUMIF(A16:A17,3,F16:F17) -> 0 | G18: =SUMIF(A16:A17,3,G16:G17) -> 0 | H18: =SUMIF(A16:A17,3,H16:H17) -> 1487.39 | I18: =SUMIF(A16:A17,3,I16:I17) -> 1487.39 | J18: =SUMIF(A16:A17,3,J16:J17) -> 795.396
A20: 50 | B20: 0 | C20: 0 | D20: 1 | E20: 201 | F20: 795396 | G20: ПЗ | H20: Прямые затраты | K20: 201 | L20: 1 | M20: 3 | O20: 0
A21: 50 | B21: 0 | C21: 0 | D21: 1 | E21: 202 | F21: 0 | G21: СтМатОб | H21: Стоимость материальных ресурсов (всего) | K21: 202 | L21: 2 | M21: 3 | O21: 0
A22: 50 | B22: 0 | C22: 0 | D22: 1 | E22: 222 | F22: 0 | G22: СтМатОбЗак | H22: Стоимость материалов и оборудования заказчика | K22: 222 | L22: 3 | M22: 3 | O22: 0
A23: 50 | B23: 0 | C23: 0 | D23: 1 | E23: 225 | F23: 0 | G23: СтМатОбПод | H23: Стоимость материалов и оборудования подрядчика | K23: 225 | L23: 4 | M23: 3 | O23: 0
A24: 50 | B24: 0 | C24: 0 | D24: 1 | E24: 226 | F24: 0 | G24: СтМат | H24: Стоимость материалов (всего) | K24: 226 | L24: 5 | M24: 3 | O24: 0
A25: 50 | B25: 0 | C25: 0 | D25: 1 | E25: 227 | F25: 0 | G25: СтМатЗак | H25: Стоимость материалов заказчика | K25: 227 | L25: 6 | M25: 3 | O25: 0
A26: 50 | B26: 0 | C26: 0 | D26: 1 | E26: 228 | F26: 0 | G26: СтМатПод | H26: Стоимость материалов подрядчика | K26: 228 | L26: 7 | M26: 3 | O26: 0
A27: 50 | B27: 0 | C27: 0 | D27: 1 | E27: 216 | F27: 0 | G27: Оборуд | H27: Стоимость оборудования (всего) | K27: 216 | L27: 8 | M27: 3 | O27: 0
A28: 50 | B28: 0 | C28: 0 | D28: 1 | E28: 223 | F28: 0 | G28: ОборудЗак | H28: Стоимость оборудования заказчика | K28: 223 | L28: 9 | M28: 3 | O28: 0
A29: 50 | B29: 0 | C29: 0 | D29: 1 | E29: 229 | F29: 0 | G29: ОборудПод | H29: Стоимость оборудования подрядчика | K29: 229 | L29: 10 | M29: 3 | O29: 0
A30: 50 | B30: 0 | C30: 0 | D30: 1 | E30: 203 | F30: 0 | G30: ЭММ | H30: Эксплуатация машин | K30: 203 | L30: 11 | M30: 3 | O30: 0
A31: 50 | B31: 0 | C31: 0 | D31: 1 | E31: 231 | F31: 0 | G31: ЭММсНРиСП | H31: Эксплуатация машин по ТСН-2001.16 | K31: 231 | L31: 12 | M31: 3 | O31: 0
... A45: 50 | B45: 0 | C45: 0 | D45: 1 | E45: 224 | F45: 1487390 | G45: Всего | H45: Всего с НР и СП | K45: 224 | L45: 26 | M45: 3 | O45: 0
A47: -1
A50: 75 | B50: Уровень цен | C50: 2018 | D50: 3 | E50: 0 | F50: 0 | G50: 0 | H50: 1 | I50: 0 | J50: 1 | K50: 0 | L50: 0 | M50: 0 | N50: 39625284 | O50: 1
A51: 3 | B51: Индексы за итогом | C51: 1 | D51: 1 | E51: 1 | F51: 1 | G51: 1 | H51: 1 | I51: 1 | J51: 2 | K51: 19.39 | L51: 1 | M51: 1 | N51: 1 | O51: 1 | P51: 1 | Q51: 19.39 | R51: 1

Sheet SmtRes
A1: =ROW(Source!A24) -> 24 | B1: 39625284 | C1: 39625329 | D1: 37519307 | E1: 1 | F1: 1 | G1: 1 | H1: 1 | I1: 2-300-10 | K1: Техник по наладке и испытаниям, категория I | L1: 1191 | N1: 1013 | O1: чел.-ч. | P1: чел.-ч. | Q1: 1 | W1: 0 | X1: 1688654847 | Y1: 24.6 | AA1: 0 | AB1: 0 | AC1: 0 | AD1: 10.21 | AE1: 0 | AF1: 0 | AG1: 0 | AH1: 10.21 | AI1: 1 | AJ1: 1 | AK1: 1 | AL1: 1 | AN1: 0 | AO1: 1 | AP1: 0 | AQ1: 0 | AR1: 0 | AT1: 24.6 | AV1: 1 | AW1: 2 | AX1: 39625330 | AY1: 1 | AZ1: 0 | BA1: 1 | BB1: 0 | BC1: 0 | BD1: 0 | BE1: 0 | BF1: 0 | BG1: 0 | BH1: 0 | BI1: 0 | BJ1: 0 | BK1: 0 | BL1: 0 | BM1: 0 | BN1: 0 | BO1: 0 | BP1: 0 | BQ1: 0 | BR1: 0 | BS1: 0 | BT1: 0 | BU1: 0 | BV1: 0 | BW1: 0 | CX1: =Y1*Source!I24 -> 98.4 | CY1: =AD1 -> 10.21 | CZ1: =AH1 -> 10.21 | DA1: =AL1 -> 1 | DB1: =ROUND(ROUND(AT1*CZ1,2),6) -> 251.17 | DC1: =ROUND(ROUND(AT1*AG1,2),6) -> 0
A2: =ROW(Source!A24) -> 24 | B2: 39625284 | C2: 39625329 | D2: 37515327 | E2: 1 | F2: 1 | G2: 1 | H2: 1 | I2: 3-100 | K2: Ведущий инженер | L2: 1191 | N2: 1013 | O2: чел.-ч. | P2: чел.-ч. | Q2: 1 | W2: 0 | X2: 1675274105 | Y2: 49.2 | AA2: 0 | AB2: 0 | AC2: 0 | AD2: 16.93 | AE2: 0 | AF2: 0 | AG2: 0 | AH2: 16.93 | AI2: 1 | AJ2: 1 | AK2: 1 | AL2: 1 | AN2: 0 | AO2: 1 | AP2: 0 | AQ2: 0 | AR2: 0 | AT2: 49.2 | AV2: 1 | AW2: 2 | AX2: 39625331 | AY2: 1 | AZ2: 0 | BA2: 2 | BB2: 0 | BC2: 0 | BD2: 0 | BE2: 0 | BF2: 0 | BG2: 0 | BH2: 0 | BI2: 0 | BJ2: 0 | BK2: 0 | BL2: 0 | BM2: 0 | BN2: 0 | BO2: 0 | BP2: 0 | BQ2: 0 | BR2: 0 | BS2: 0 | BT2: 0 | BU2: 0 | BV2: 0 | BW2: 0 | CX2: =Y2*Source!I24 -> 196.8 | CY2: =AD2 -> 16.93 | CZ2: =AH2 -> 16.93 | DA2: =AL2 -> 1 | DB2: =ROUND(ROUND(AT2*CZ2,2),6) -> 832.96 | DC2: =ROUND(ROUND(AT2*AG2,2),6) -> 0
A3: =ROW(Source!A24) -> 24 | B3: 39625284 | C3: 39625329 | D3: 37355690 | E3: 1 | F3: 1 | G3: 1 | H3: 1 | I3: 3-100-10 | K3: Инженер I категории | L3: 1191 | N3: 1013 | O3: чел.-ч. | P3: чел.-ч. | Q3: 1 | W3: 0 | X3: -1481893445 | Y3: 98.4 | AA3: 0 | AB3: 0 | AC3: 0 | AD3: 15.49 | AE3: 0 | AF3: 0 | AG3: 0 | AH3: 15.49 | AI3: 1 | AJ3: 1 | AK3: 1 | AL3: 1 | AN3: 0 | AO3: 1 | AP3: 0 | AQ3: 0 | AR3: 0 | AT3: 98.4 | AV3: 1 | AW3: 2 | AX3: 39625332 | AY3: 1 | AZ3: 0 | BA3: 3 | BB3: 0 | BC3: 0 | BD3: 0 | BE3: 0 | BF3: 0 | BG3: 0 | BH3: 0 | BI3: 0 | BJ3: 0 | BK3: 0 | BL3: 0 | BM3: 0 | BN3: 0 | BO3: 0 | BP3: 0 | BQ3: 0 | BR3: 0 | BS3: 0 | BT3: 0 | BU3: 0 | BV3: 0 | BW3: 0 | CX3: =Y3*Source!I24 -> 393.6 | CY3: =AD3 -> 15.49 | CZ3: =AH3 -> 15.49 | DA3: =AL3 -> 1 | DB3: =ROUND(ROUND(AT3*CZ3,2),6) -> 1524.22 | DC3: =ROUND(ROUND(AT3*AG3,2),6) -> 0
A4: =ROW(Source!A24) -> 24 | B4: 39625284 | C4: 39625329 | D4: 37358467 | E4: 1 | F4: 1 | G4: 1 | H4: 1 | I4: 3-100-20 | K4: Инженер II категории | L4: 1191 | N4: 1013 | O4: чел.-ч. | P4: чел.-ч. | Q4: 1 | W4: 0 | X4: 1658205574 | Y4: 221.4 | AA4: 0 | AB4: 0 | AC4: 0 | AD4: 14.09 | AE4: 0 | AF4: 0 | AG4: 0 | AH4: 14.09 | AI4: 1 | AJ4: 1 | AK4: 1 | AL4: 1 | AN4: 0 | AO4: 1 | AP4: 0 | AQ4: 0 | AR4: 0 | AT4: 221.4 | AV4: 1 | AW4: 2 | AX4: 39625333 | AY4: 1 | AZ4: 0 | BA4: 4 | BB4: 0 | BC4: 0 | BD4: 0 | BE4: 0 | BF4: 0 | BG4: 0 | BH4: 0 | BI4: 0 | BJ4: 0 | BK4: 0 | BL4: 0 | BM4: 0 | BN4: 0 | BO4: 0 | BP4: 0 | BQ4: 0 | BR4: 0 | BS4: 0 | BT4: 0 | BU4: 0 | BV4: 0 | BW4: 0 | CX4: =Y4*Source!I24 -> 885.6 | CY4: =AD4 -> 14.09 | CZ4: =AH4 -> 14.09 | DA4: =AL4 -> 1 | DB4: =ROUND(ROUND(AT4*CZ4,2),6) -> 3119.53 | DC4: =ROUND(ROUND(AT4*AG4,2),6) -> 0
A5: =ROW(Source!A24) -> 24 | B5: 39625284 | C5: 39625329 | D5: 37515375 | E5: 1 | F5: 1 | G5: 1 | H5: 1 | I5: 3-100-30 | K5: Инженер III категории | L5: 1191 | N5: 1013 | O5: чел.-ч. | P5: чел.-ч. | Q5: 1 | W5: 0 | X5: 848708738 | Y5: 98.4 | AA5: 0 | AB5: 0 | AC5: 0 | AD5: 12.69 | AE5: 0 | AF5: 0 | AG5: 0 | AH5: 12.69 | AI5: 1 | AJ5: 1 | AK5: 1 | AL5: 1 | AN5: 0 | AO5: 1 | AP5: 0 | AQ5: 0 | AR5: 0 | AT5: 98.4 | AV5: 1 | AW5: 2 | AX5: 39625334 | AY5: 1 | AZ5: 0 | BA5: 5 | BB5: 0 | BC5: 0 | BD5: 0 | BE5: 0 | BF5: 0 | BG5: 0 | BH5: 0 | BI5: 0 | BJ5: 0 | BK5: 0 | BL5: 0 | BM5: 0 | BN5: 0 | BO5: 0 | BP5: 0 | BQ5: 0 | BR5: 0 | BS5: 0 | BT5: 0 | BU5: 0 | BV5: 0 | BW5: 0 | CX5: =Y5*Source!I24 -> 393.6 | CY5: =AD5 -> 12.69 | CZ5: =AH5 -> 12.69 | DA5: =AL5 -> 1 | DB5: =ROUND(ROUND(AT5*CZ5,2),6) -> 1248.7 | DC5: =ROUND(ROUND(AT5*AG5,2),6) -> 0
A6: =ROW(Source!A25) -> 25 | B6: 39625284 | C6: 39625335 | D6: 37519307 | E6: 1 | F6: 1 | G6: 1 | H6: 1 | I6: 2-300-10 | K6: Техник по наладке и испытаниям, категория I | L6: 1191 | N6: 1013 | O6: чел.-ч. | P6: чел.-ч. | Q6: 1 | W6: 0 | X6: 1688654847 | Y6: 0.294 | AA6: 0 | AB6: 0 | AC6: 0 | AD6: 10.21 | AE6: 0 | AF6: 0 | AG6: 0 | AH6: 10.21 | AI6: 1 | AJ6: 1 | AK6: 1 | AL6: 1 | AN6: 0 | AO6: 1 | AP6: 0 | AQ6: 0 | AR6: 0 | AT6: 0.294 | AV6: 1 | AW6: 2 | AX6: 39625336 | AY6: 1 | AZ6: 0 | BA6: 6 | BB6: 0 | BC6: 0 | BD6: 0 | BE6: 0 | BF6: 0 | BG6: 0 | BH6: 0 | BI6: 0 | BJ6: 0 | BK6: 0 | BL6: 0 | BM6: 0 | BN6: 0 | BO6: 0 | BP6: 0 | BQ6: 0 | BR6: 0 | BS6: 0 | BT6: 0 | BU6: 0 | BV6: 0 | BW6: 0 | CX6: =Y6*Source!I25 -> 46.248023 | CY6: =AD6 -> 10.21 | CZ6: =AH6 -> 10.21 | DA6: =AL6 -> 1 | DB6: =ROUND(ROUND(AT6*CZ6,2),6) -> 3 | DC6: =ROUND(ROUND(AT6*AG6,2),6) -> 0
A7: =ROW(Source!A25) -> 25 | B7: 39625284 | C7: 39625335 | D7: 37515327 | E7: 1 | F7: 1 | G7: 1 | H7: 1 | I7: 3-100 | K7: Ведущий инженер | L7: 1191 | N7: 1013 | O7: чел.-ч. | P7: чел.-ч. | Q7: 1 | W7: 0 | X7: 1675274105 | Y7: 0.588 | AA7: 0 | AB7: 0 | AC7: 0 | AD7: 16.93 | AE7: 0 | AF7: 0 | AG7: 0 | AH7: 16.93 | AI7: 1 | AJ7: 1 | AK7: 1 | AL7: 1 | AN7: 0 | AO7: 1 | AP7: 0 | AQ7: 0 | AR7: 0 | AT7: 0.588 | AV7: 1 | AW7: 2 | AX7: 39625337 | AY7: 1 | AZ7: 0 | BA7: 7 | BB7: 0 | BC7: 0 | BD7: 0 | BE7: 0 | BF7: 0 | BG7: 0 | BH7: 0 | BI7: 0 | BJ7: 0 | BK7: 0 | BL7: 0 | BM7: 0 | BN7: 0 | BO7: 0 | BP7: 0 | BQ7: 0 | BR7: 0 | BS7: 0 | BT7: 0 | BU7: 0 | BV7: 0 | BW7: 0 | CX7: =Y7*Source!I25 -> 92.496046 | CY7: =AD7 -> 16.93 | CZ7: =AH7 -> 16.93 | DA7: =AL7 -> 1 | DB7: =ROUND(ROUND(AT7*CZ7,2),6) -> 9.95 | DC7: =ROUND(ROUND(AT7*AG7,2),6) -> 0
A8: =ROW(Source!A25) -> 25 | B8: 39625284 | C8: 39625335 | D8: 37355690 | E8: 1 | F8: 1 | G8: 1 | H8: 1 | I8: 3-100-10 | K8: Инженер I категории | L8: 1191 | N8: 1013 | O8: чел.-ч. | P8: чел.-ч. | Q8: 1 | W8: 0 | X8: -1481893445 | Y8: 1.176 | AA8: 0 | AB8: 0 | AC8: 0 | AD8: 15.49 | AE8: 0 | AF8: 0 | AG8: 0 | AH8: 15.49 | AI8: 1 | AJ8: 1 | AK8: 1 | AL8: 1 | AN8: 0 | AO8: 1 | AP8: 0 | AQ8: 0 | AR8: 0 | AT8: 1.176 | AV8: 1 | AW8: 2 | AX8: 39625338 | AY8: 1 | AZ8: 0 | BA8: 8 | BB8: 0 | BC8: 0 | BD8: 0 | BE8: 0 | BF8: 0 | BG8: 0 | BH8: 0 | BI8: 0 | BJ8: 0 | BK8: 0 | BL8: 0 | BM8: 0 | BN8: 0 | BO8: 0 | BP8: 0 | BQ8: 0 | BR8: 0 | BS8: 0 | BT8: 0 | BU8: 0 | BV8: 0 | BW8: 0 | CX8: =Y8*Source!I25 -> 184.99209 | CY8: =AD8 -> 15.49 | CZ8: =AH8 -> 15.49 | DA8: =AL8 -> 1 | DB8: =ROUND(ROUND(AT8*CZ8,2),6) -> 18.22 | DC8: =ROUND(ROUND(AT8*AG8,2),6) -> 0
A9: =ROW(Source!A25) -> 25 | B9: 39625284 | C9: 39625335 | D9: 37358467 | E9: 1 | F9: 1 | G9: 1 | H9: 1 | I9: 3-100-20 | K9: Инженер II категории | L9: 1191 | N9: 1013 | O9: чел.-ч. | P9: чел.-ч. | Q9: 1 | W9: 0 | X9: 1658205574 | Y9: 2.646 | AA9: 0 | AB9: 0 | AC9: 0 | AD9: 14.09 | AE9: 0 | AF9: 0 | AG9: 0 | AH9: 14.09 | AI9: 1 | AJ9: 1 | AK9: 1 | AL9: 1 | AN9: 0 | AO9: 1 | AP9: 0 | AQ9: 0 | AR9: 0 | AT9: 2.646 | AV9: 1 | AW9: 2 | AX9: 39625339 | AY9: 1 | AZ9: 0 | BA9: 9 | BB9: 0 | BC9: 0 | BD9: 0 | BE9: 0 | BF9: 0 | BG9: 0 | BH9: 0 | BI9: 0 | BJ9: 0 | BK9: 0 | BL9: 0 | BM9: 0 | BN9: 0 | BO9: 0 | BP9: 0 | BQ9: 0 | BR9: 0 | BS9: 0 | BT9: 0 | BU9: 0 | BV9: 0 | BW9: 0 | CX9: =Y9*Source!I25 -> 416.23221 | CY9: =AD9 -> 14.09 | CZ9: =AH9 -> 14.09 | DA9: =AL9 -> 1 | DB9: =ROUND(ROUND(AT9*CZ9,2),6) -> 37.28 | DC9: =ROUND(ROUND(AT9*AG9,2),6) -> 0
A10: =ROW(Source!A25) -> 25 | B10: 39625284 | C10: 39625335 | D10: 37515375 | E10: 1 | F10: 1 | G10: 1 | H10: 1 | I10: 3-100-30 | K10: Инженер III категории | L10: 1191 | N10: 1013 | O10: чел.-ч. | P10: чел.-ч. | Q10: 1 | W10: 0 | X10: 848708738 | Y10: 1.176 | AA10: 0 | AB10: 0 | AC10: 0 | AD10: 12.69 | AE10: 0 | AF10: 0 | AG10: 0 | AH10: 12.69 | AI10: 1 | AJ10: 1 | AK10: 1 | AL10: 1 | AN10: 0 | AO10: 1 | AP10: 0 | AQ10: 0 | AR10: 0 | AT10: 1.176 | AV10: 1 | AW10: 2 | AX10: 39625340 | AY10: 1 | AZ10: 0 | BA10: 10 | BB10: 0 | BC10: 0 | BD10: 0 | BE10: 0 | BF10: 0 | BG10: 0 | BH10: 0 | BI10: 0 | BJ10: 0 | BK10: 0 | BL10: 0 | BM10: 0 | BN10: 0 | BO10: 0 | BP10: 0 | BQ10: 0 | BR10: 0 | BS10: 0 | BT10: 0 | BU10: 0 | BV10: 0 | BW10: 0 | CX10: =Y10*Source!I25 -> 184.99209 | CY10: =AD10 -> 12.69 | CZ10: =AH10 -> 12.69 | DA10: =AL10 -> 1 | DB10: =ROUND(ROUND(AT10*CZ10,2),6) -> 14.92 | DC10: =ROUND(ROUND(AT10*AG10,2),6) -> 0

Sheet EtalonRes
A1: =ROW(Source!A24) -> 24 | B1: 39625330 | C1: 39625329 | D1: 37519307 | E1: 1 | F1: 1 | G1: 1 | H1: 1 | I1: 2-300-10 | K1: Техник по наладке и испытаниям, категория I | L1: 1191 | N1: 1013 | O1: чел.-ч. | P1: чел.-ч. | Q1: 1 | X1: 24.6 | Y1: 0 | Z1: 0 | AA1: 0 | AB1: 10.21 | AC1: 0 | AD1: 1 | AE1: 1 | AG1: 24.6 | AH1: 2 | AI1: 39625330 | AJ1: 1 | AK1: 0 | AL1: 0 | AM1: 0 | AN1: 0 | AO1: 0 | AP1: 0 | AQ1: 0 | AR1: 0
A2: =ROW(Source!A24) -> 24 | B2: 39625331 | C2: 39625329 | D2: 37515327 | E2: 1 | F2: 1 | G2: 1 | H2: 1 | I2: 3-100 | K2: Ведущий инженер | L2: 1191 | N2: 1013 | O2: чел.-ч. | P2: чел.-ч. | Q2: 1 | X2: 49.2 | Y2: 0 | Z2: 0 | AA2: 0 | AB2: 16.93 | AC2: 0 | AD2: 1 | AE2: 1 | AG2: 49.2 | AH2: 2 | AI2: 39625331 | AJ2: 2 | AK2: 0 | AL2: 0 | AM2: 0 | AN2: 0 | AO2: 0 | AP2: 0 | AQ2: 0 | AR2: 0
A3: =ROW(Source!A24) -> 24 | B3: 39625332 | C3: 39625329 | D3: 37355690 | E3: 1 | F3: 1 | G3: 1 | H3: 1 | I3: 3-100-10 | K3: Инженер I категории | L3: 1191 | N3: 1013 | O3: чел.-ч. | P3: чел.-ч. | Q3: 1 | X3: 98.4 | Y3: 0 | Z3: 0 | AA3: 0 | AB3: 15.49 | AC3: 0 | AD3: 1 | AE3: 1 | AG3: 98.4 | AH3: 2 | AI3: 39625332 | AJ3: 3 | AK3: 0 | AL3: 0 | AM3: 0 | AN3: 0 | AO3: 0 | AP3: 0 | AQ3: 0 | AR3: 0
A4: =ROW(Source!A24) -> 24 | B4: 39625333 | C4: 39625329 | D4: 37358467 | E4: 1 | F4: 1 | G4: 1 | H4: 1 | I4: 3-100-20 | K4: Инженер II категории | L4: 1191 | N4: 1013 | O4: чел.-ч. | P4: чел.-ч. | Q4: 1 | X4: 221.4 | Y4: 0 | Z4: 0 | AA4: 0 | AB4: 14.09 | AC4: 0 | AD4: 1 | AE4: 1 | AG4: 221.4 | AH4: 2 | AI4: 39625333 | AJ4: 4 | AK4: 0 | AL4: 0 | AM4: 0 | AN4: 0 | AO4: 0 | AP4: 0 | AQ4: 0 | AR4: 0
A5: =ROW(Source!A24) -> 24 | B5: 39625334 | C5: 39625329 | D5: 37515375 | E5: 1 | F5: 1 | G5: 1 | H5: 1 | I5: 3-100-30 | K5: Инженер III категории | L5: 1191 | N5: 1013 | O5: чел.-ч. | P5: чел.-ч. | Q5: 1 | X5: 98.4 | Y5: 0 | Z5: 0 | AA5: 0 | AB5: 12.69 | AC5: 0 | AD5: 1 | AE5: 1 | AG5: 98.4 | AH5: 2 | AI5: 39625334 | AJ5: 5 | AK5: 0 | AL5: 0 | AM5: 0 | AN5: 0 | AO5: 0 | AP5: 0 | AQ5: 0 | AR5: 0
A6: =ROW(Source!A25) -> 25 | B6: 39625336 | C6: 39625335 | D6: 37519307 | E6: 1 | F6: 1 | G6: 1 | H6: 1 | I6: 2-300-10 | K6: Техник по наладке и испытаниям, категория I | L6: 1191 | N6: 1013 | O6: чел.-ч. | P6: чел.-ч. | Q6: 1 | X6: 0.294 | Y6: 0 | Z6: 0 | AA6: 0 | AB6: 10.21 | AC6: 0 | AD6: 1 | AE6: 1 | AG6: 0.294 | AH6: 2 | AI6: 39625336 | AJ6: 6 | AK6: 0 | AL6: 0 | AM6: 0 | AN6: 0 | AO6: 0 | AP6: 0 | AQ6: 0 | AR6: 0
A7: =ROW(Source!A25) -> 25 | B7: 39625337 | C7: 39625335 | D7: 37515327 | E7: 1 | F7: 1 | G7: 1 | H7: 1 | I7: 3-100 | K7: Ведущий инженер | L7: 1191 | N7: 1013 | O7: чел.-ч. | P7: чел.-ч. | Q7: 1 | X7: 0.588 | Y7: 0 | Z7: 0 | AA7: 0 | AB7: 16.93 | AC7: 0 | AD7: 1 | AE7: 1 | AG7: 0.588 | AH7: 2 | AI7: 39625337 | AJ7: 7 | AK7: 0 | AL7: 0 | AM7: 0 | AN7: 0 | AO7: 0 | AP7: 0 | AQ7: 0 | AR7: 0
A8: =ROW(Source!A25) -> 25 | B8: 39625338 | C8: 39625335 | D8: 37355690 | E8: 1 | F8: 1 | G8: 1 | H8: 1 | I8: 3-100-10 | K8: Инженер I категории | L8: 1191 | N8: 1013 | O8: чел.-ч. | P8: чел.-ч. | Q8: 1 | X8: 1.176 | Y8: 0 | Z8: 0 | AA8: 0 | AB8: 15.49 | AC8: 0 | AD8: 1 | AE8: 1 | AG8: 1.176 | AH8: 2 | AI8: 39625338 | AJ8: 8 | AK8: 0 | AL8: 0 | AM8: 0 | AN8: 0 | AO8: 0 | AP8: 0 | AQ8: 0 | AR8: 0
A9: =ROW(Source!A25) -> 25 | B9: 39625339 | C9: 39625335 | D9: 37358467 | E9: 1 | F9: 1 | G9: 1 | H9: 1 | I9: 3-100-20 | K9: Инженер II категории | L9: 1191 | N9: 1013 | O9: чел.-ч. | P9: чел.-ч. | Q9: 1 | X9: 2.646 | Y9: 0 | Z9: 0 | AA9: 0 | AB9: 14.09 | AC9: 0 | AD9: 1 | AE9: 1 | AG9: 2.646 | AH9: 2 | AI9: 39625339 | AJ9: 9 | AK9: 0 | AL9: 0 | AM9: 0 | AN9: 0 | AO9: 0 | AP9: 0 | AQ9: 0 | AR9: 0
A10: =ROW(Source!A25) -> 25 | B10: 39625340 | C10: 39625335 | D10: 37515375 | E10: 1 | F10: 1 | G10: 1 | H10: 1 | I10: 3-100-30 | K10: Инженер III категории | L10: 1191 | N10: 1013 | O10: чел.-ч. | P10: чел.-ч. | Q10: 1 | X10: 1.176 | Y10: 0 | Z10: 0 | AA10: 0 | AB10: 12.69 | AC10: 0 | AD10: 1 | AE10: 1 | AG10: 1.176 | AH10: 2 | AI10: 39625340 | AJ10: 10 | AK10: 0 | AL10: 0 | AM10: 0 | AN10: 0 | AO10: 0 | AP10: 0 | AQ10: 0 | AR10: 0
